 Dungeon Crawl Stone Soup version 0.29.0-4-gdea44cf6ec (webtiles) character file.

Game seed: 13873945450504773403

181 qw the Ruffian (level 5, 0/41 HPs)
             Began as a Ghoul Fire Elementalist on Aug 29, 2022.
             Slain by a white imp (2 damage)
             ... summoned by Eustachio
             ... on level 4 of the Dungeon.
             The game lasted 00:02:47 (3182 turns).

qw the Ruffian (Ghoul Fire Elementalist)            Turns: 3182, Time: 00:02:48

Health: 0/41       AC:  7    Str: 14    XL:     5   Next: 61%
Magic:  6/6        EV:  7    Int: 10    God:
Gold:   224        SH: 12    Dex:  9    Spells: 6/7 levels left

rFire   . . .      SeeInvis .     - Unarmed
rCold   + . .      Faith    .   b - +0 kite shield
rNeg    + + +      Spirit   .   h - +0 scale mail
rPois   inf        Reflect  +   (no helmet)
rElec   .          Harm     .   (no cloak)
rCorr   .          Rampage  .   m - +0 pair of gloves
Will    .....                   (no boots)
Stlth   ..........              d - amulet of reflection
HPRegen 0.00/turn               (no ring)
MPRegen 0.10/turn               (no ring)

@: inhibited regen
A: claws 1, cold resistance 1, negative energy resistance 3, inhibited
regeneration, torment resistance 2, devour on kill
a: no special abilities


You were on level 4 of the Dungeon.
You visited 1 branch of the dungeon, and saw 4 of its levels.

You collected 224 gold pieces.


Innate Abilities, Weirdness & Mutations

You are immune to poison.
You have sharp fingernails.
Your flesh is cold resistant. (rC+)
You are immune to negative energy. (rN+++)
You do not regenerate when monsters are visible.
You are immune to unholy pain and torment.
You thrive by killing the living.


   Skills:
 - Level 2.1 Fighting
 - Level 1.7 Dodging
 - Level 2.1 Stealth
 - Level 2.0 Shields
 + Level 4.3 Unarmed Combat
 - Level 1.7 Spellcasting
 - Level 0.7 Conjurations
 - Level 2.4 Fire Magic


You had 6 spell levels left.
You knew the following spells:

 Your Spells              Type           Power      Damage    Failure   Level
a - Foxfire               Conj/Fire      16%        2x1d4     94%         1

Your spell library contained the following spells:

 Spells                   Type           Power      Damage    Failure   Level
 Scorch                   Fire           10%        2d6       95%         2
 Conjure Flame            Conj/Fire      4%         6-21      100%        3
 Inner Flame              Hex/Fire       3%         N/A       100%        3
 Flame Wave               Conj/Fire      4%         2d5       100%        4

Inventory:

Armour
 b - a +0 kite shield (worn)
 h - a +0 scale mail (worn)
 m - a +0 pair of gloves (worn)
Jewellery
 d - an amulet of reflection (around neck)
Scrolls
 a - a scroll of identify
 c - a scroll of blinking {unknown}
 g - a scroll of vulnerability {unknown}
Potions
 e - 2 potions of heal wounds {unknown}
 f - a potion of might {unknown}
 j - a potion of berserk rage {unknown}
 l - a potion of haste

Dungeon Overview and Level Annotations

Branches:
Dungeon (4/15)
 Temple: D:4-7

Altars:
Uskayaw

Annotations:
D:4 Eustachio


Message History

You block the river rat's attack.
You hit the river rat but do no damage.
The river rat is almost dead.
The river rat barely misses you.
You hit the river rat.
You kill the river rat!
The river rat's corpse disappears in a puff of smoke!
You closely miss the kobold. The kobold closely misses you.
You hit the kobold.
You kill the kobold!
Eustachio gestures wildly while chanting.
Things that are here:
a +0 short sword of distortion; 6 poisoned darts; a kobold corpse You block the bat's attack.
Eustachio hits you with a +4 falchion of venom.
You block the quokka's attack.
You see here a hobgoblin corpse.
You hit Eustachio.
Eustachio is moderately wounded.
You block the bat's attack.
Eustachio zaps a wand.
You resist with some effort. You block the quokka's attack.
You hit Eustachio but do no damage.
Eustachio is moderately wounded.
You block the bat's attack. You block the quokka's attack.
Eustachio mumbles some strange words.
You hit Eustachio.
Eustachio is moderately wounded.
You block the quokka's attack. The bat hits you but does no damage.
Eustachio gestures wildly while chanting.
Eustachio blinks!
You block the ufetubus's attack. The ufetubus closely misses you.
The shadow imp hits you.
The quokka bites you but does no damage.
You closely miss the ufetubus. You block the bat's attack.
You block the ufetubus's attack.
The ufetubus hits you but does no damage.
You block the quokka's attack. The ufetubus hits you. x2
The bat hits you but does no damage. The shadow imp barely misses you.
The white imp hits you. The white imp freezes you. You resist.
You die...

................#...)#######
.....#.####>..#............#
........................#####
...####.# #.#.#####..)..###
##. #.# #...# #.........## #.
#.###.##.#.##..###
#..##....#.###...# .##
#..b...###%# ##..#
.....##.5@5.# #.# #..#
........#5r.# #.####.##
......#...#@###......#
......#.###.......##.#
........###..###.###.#
............####..##.. ..
...........###.####.# .
..........5...........
......##.5.##.###....


You could see Eustachio, a white imp (summoned), a shadow imp (summoned), an
ufetubus (summoned), a quokka (summoned) and a bat (summoned).

Vanquished Creatures
  A scorpion (D:4)
  A hound (D:4)
  Jessica (D:3)
  3 worms (D:2)
  A dart slug (D:2)
  9 ball pythons
  2 bats (D:1)
  5 endoplasms
  A giant cockroach (D:1)
  6 goblins
  9 hobgoblins
  4 quokkas
  3 frilled lizards
  A kobold (D:4)
  10 rats
57 creatures vanquished.

Vanquished Creatures (others)
  A hobgoblin (D:4)
1 creature vanquished.

Grand Total: 58 creatures vanquished

Notes
Turn   | Place    | Note
-------+----------+-------------------------------------------
     0 | D:1      | qw the Ghoul Fire Elementalist began the quest for the Orb.
     0 | D:1      | Reached XP level 1. HP: 14/14 MP: 2/2
     0 | D:1      | 0 ||| qw: Version: 0.1-a-90-g952f4b7
     0 | D:1      | 0 ||| qw: Game counter: 4096
     0 | D:1      | 0 ||| qw: Always use a shield: true
     0 | D:1      | 0 ||| qw: God list: Okawaru
     0 | D:1      | 0 ||| qw: Allow faded altars: false
     0 | D:1      | 0 ||| qw: Do Orc after D:15 true
     0 | D:1      | 0 ||| qw: Do second Lair branch before Depths: true
     0 | D:1      | 0 ||| qw: Lair rune preference: random
     0 | D:1      | 0 ||| qw: Plans: Normal
     0 | D:1      | 0 ||| PLANNING D:1-11
   351 | D:1      | Reached skill level 1 in Unarmed Combat
   463 | D:1      | Reached XP level 2. HP: 22/22 MP: 3/3
   478 | D:1      | Reached skill level 1 in Fighting
   490 | D:1      | 490 ||| Stepping ~*~*~tactically~*~*~ (stealth).
   497 | D:1      | 497 ||| Stepping ~*~*~tactically~*~*~ (stealth).
   499 | D:1      | 499 ||| Stepping ~*~*~tactically~*~*~ (stealth).
   502 | D:1      | 502 ||| Stepping ~*~*~tactically~*~*~ (outnumbered).
   503 | D:1      | 503 ||| Stepping ~*~*~tactically~*~*~ (outnumbered).
   505 | D:1      | 505 ||| Stepping ~*~*~tactically~*~*~ (outnumbered).
   506 | D:1      | 506 ||| Stepping ~*~*~tactically~*~*~ (outnumbered).
   507 | D:1      | 507 ||| Stepping ~*~*~tactically~*~*~ (outnumbered).
   588 | D:1      | 588 ||| Stepping ~*~*~tactically~*~*~ (stealth).
   810 | D:1      | Reached skill level 2 in Unarmed Combat
   980 | D:1      | 980 ||| UPGRADING to amulet of reflection.
   985 | D:1      | 985 ||| READING scroll labelled EDGHAO AK UBITAS.
   986 | D:1      | 986 ||| READING scroll labelled GURPHIPLIOP.
   987 | D:1      | 987 ||| DROPPING potion of magic.
  1025 | D:2      | 1025 ||| Stepping ~*~*~tactically~*~*~ (stealth).
  1026 | D:2      | 1026 ||| Stepping ~*~*~tactically~*~*~ (hiding).
  1027 | D:2      | 1027 ||| Stepping ~*~*~tactically~*~*~ (stealth).
  1295 | D:2      | Reached XP level 3. HP: 21/28 MP: 4/4
  1698 | D:2      | Found a faded altar of an unknown god.
  1742 | D:2      | Identified the +8 dagger of the Desert {freeze, Int+8}
  1798 | D:2      | Reached skill level 3 in Unarmed Combat
  2229 | D:2      | 2229 ||| UPGRADING to +0 kite shield.
  2234 | D:2      | 2234 ||| UPGRADING to +0 scale mail.
  2244 | D:2      | 2244 ||| DROPPING +0 robe.
  2245 | D:2      | 2245 ||| UPGRADING to +0 pair of gloves.
  2250 | D:2      | 2250 ||| READING scroll labelled JARAOV JEOFA.
  2251 | D:2      | 2251 ||| READING scroll labelled MOTTYN NAI.
  2252 | D:2      | 2252 ||| DRINKING 2 lumpy clear potions.
  2253 | D:2      | 2253 ||| DRINKING 2 dark potions.
  2254 | D:2      | 2254 ||| DROPPING potion of lignification.
  2431 | D:3      | Noticed Jessica
  2445 | D:3      | Killed Jessica
  2446 | D:3      | Reached skill level 1 in Shields
  2446 | D:3      | Reached XP level 4. HP: 33/35 MP: 5/5
  2493 | D:3      | 2493 ||| Stepping ~*~*~tactically~*~*~ (outnumbered).
  2494 | D:3      | 2494 ||| Stepping ~*~*~tactically~*~*~ (outnumbered).
  2495 | D:3      | 2495 ||| Stepping ~*~*~tactically~*~*~ (outnumbered).
  2496 | D:3      | 2496 ||| Stepping ~*~*~tactically~*~*~ (outnumbered).
  2498 | D:3      | 2498 ||| Stepping ~*~*~tactically~*~*~ (outnumbered).
  2594 | D:3      | 2594 ||| Stepping ~*~*~tactically~*~*~ (stealth).
  2603 | D:3      | 2603 ||| Stepping ~*~*~tactically~*~*~ (stealth).
  2793 | D:3      | Found a hide-covered altar of Uskayaw.
  2921 | D:3      | 2921 ||| READING 3 scrolls labelled EHINNU ITAO.
  2922 | D:3      | 2922 ||| READING scroll labelled GAITHET URI.
  2923 | D:3      | 2923 ||| READING 2 scrolls of identify.
  2923 | D:3      | 2923 ||| IDENTIFYING grey potion
  2924 | D:3      | 2924 ||| DROPPING potion of ambrosia.
  2925 | D:3      | 2925 ||| DROPPING 2 scrolls of amnesia.
  2990 | D:4      | Noticed a scorpion
  3014 | D:4      | Killed a scorpion
  3015 | D:4      | Reached skill level 4 in Unarmed Combat
  3015 | D:4      | Reached XP level 5. HP: 33/40 MP: 6/6
  3131 | D:4      | Noticed Eustachio
  3132 | D:4      | 3132 ||| Stepping ~*~*~tactically~*~*~ (stealth).
  3134 | D:4      | 3134 ||| Stepping ~*~*~tactically~*~*~ (hiding).
  3135 | D:4      | 3135 ||| Stepping ~*~*~tactically~*~*~ (hiding).
  3150 | D:4      | 3150 ||| Stepping ~*~*~tactically~*~*~ (outnumbered).
  3154 | D:4      | 3154 ||| Stepping ~*~*~tactically~*~*~ (outnumbered).
  3155 | D:4      | 3155 ||| Stepping ~*~*~tactically~*~*~ (outnumbered).
  3159 | D:4      | 3159 ||| Stepping ~*~*~tactically~*~*~ (outnumbered).
  3160 | D:4      | 3160 ||| Stepping ~*~*~tactically~*~*~ (outnumbered).
  3161 | D:4      | 3161 ||| Stepping ~*~*~tactically~*~*~ (hiding).
  3162 | D:4      | 3162 ||| Stepping ~*~*~tactically~*~*~ (hiding).
  3164 | D:4      | 3164 ||| Stepping ~*~*~tactically~*~*~ (outnumbered).
  3165 | D:4      | 3165 ||| Stepping ~*~*~tactically~*~*~ (outnumbered).
  3166 | D:4      | 3166 ||| Stepping ~*~*~tactically~*~*~ (hiding).
  3167 | D:4      | 3167 ||| Stepping ~*~*~tactically~*~*~ (hiding).
  3168 | D:4      | 3168 ||| Stepping ~*~*~tactically~*~*~ (hiding).
  3181 | D:4      | HP: 10/41 [shadow imp[Eustachio] (5)]
  3182 | D:4      | HP: 3/41 [ufetubus[Eustachio] (3)]
  3182 | D:4      | Slain by a white imp

Levels and vault maps discovered:
D:1:      dpeg_arrival_stone_temple_mockup, layout_basic,
          minmay_rat_gold_closets
D:2:      layout_basic, hellmonk_ecumenical_altar_slurped_away
D:3:      layout_loops_ring, gammafunk_temple_overflow_elements, uniq_jessica
D:4:      layout_rooms, nicolae_wooded_promenade, uniq_eustachio

Skill      XL: |  1  2  3  4  5 |
---------------+----------------+-----
Unarmed Combat | 1 2 3 4 |  4.3
Fighting       | 1 2 |  2.1
Shields        | 1 2 |  2.0
Dodging        | |  1.7
Stealth        | |  2.1
Spellcasting   | |  1.7
Conjurations   | |  0.7
Fire Magic     | |  2.4

Action                   |  1- 3 |  4- 6 || total
-------------------------+-------+-------++-------
Melee: Unarmed           |   134 |   112 ||   246
  Use: Scroll            |     4 |     3 ||     7
       Potion            |     2 |       ||     2
Armor: Robe              |     9 |       ||     9
       Scale mail        |     1 |    30 ||    31
Dodge: Dodged            |    49 |    40 ||    89
Block: Other             |    10 |       ||    10
       Kite shield       |     5 |    66 ||    71
       Reflection        |       |     2 ||     2

Table legend:
 A = Non-vault XP
 B = Vault XP
 C = Vault XP percentage of total XP
 D = Non-vault monster count
 E = Vault monster count
 F = Vault count percentage of total count
                 A         B        C        D         E       F
            +---------+---------+-------+---------+---------+-------
      Total |     212 |      47 |  18.1 |      47 |      10 |  17.5
            +---------+---------+-------+---------+---------+-------
        D:1 |      20 |       8 |  28.6 |      12 |       8 |  40.0
        D:2 |      37 |       2 |   5.1 |      15 |       1 |   6.2
        D:3 |      25 |      37 |  59.7 |      14 |       1 |   6.7
        D:4 |     130 |       0 |   0.0 |       6 |       0 |   0.0
            +---------+---------+-------+---------+---------+-------
